 Dungeon Crawl Stone Soup version 0.21-a0-504-g2eda330 (webtiles) character file.

231 kae the Digger (level 6, -4/34 HPs)
             Began as a Gargoyle Earth Elementalist on Nov 25, 2017.
             Blown up by Ijyb (13 damage)
             ... with a wand of disintegration (4)
             ... on level 2 of the Dungeon.
             The game lasted 00:02:18 (2313 turns).

kae the Digger (Gargoyle Earth Elementalist)        Turns: 2313, Time: 00:02:20

Health: -4/34      AC:  6    Str: 10 (11) XL:     6   Next: 3%
Magic:  11/11      EV: 17    Int: 17 (18) God:
Gold:   117        SH:  0    Dex: 13 (15) Spells: 8/12 levels left

rFire    . . .     SeeInvis .   f - -1 club
rCold    . . .     Gourm    .   (no shield)
rNeg     + . .     Faith    .   c - +0 robe
rPois    ∞         Spirit   .   (no helmet)
rElec    +         Reflect  .   (no cloak)
rCorr    .         Harm     .   (no gloves)
MR       .....                  (no boots)
Stlth    ++........             (no amulet)
HPRegen  0.11/turn              (no ring)
MPRegen  0.12/turn              (no ring)

@: confused, agile
A: negative energy resistance 1, electricity resistance, unbreathing,
petrification resistance, rot immunity, AC +4
a: no special abilities


You were on level 2 of the Dungeon.
You were not hungry.

You visited 1 branch of the dungeon, and saw 2 of its levels.

You collected 117 gold pieces.

Inventory:

Hand Weapons
 f - a -1 club (weapon)
Missiles
 b - 26 stones (quivered)
Armour
 c - a +0 robe (worn)
Jewellery
 p - a cursed ring of teleportation {unknown}
Scrolls
 a - a scroll of teleportation
 g - 2 scrolls of identify
 h - a scroll of enchant weapon {unknown}
 i - a scroll of amnesia {unknown}
 q - a scroll of remove curse
 r - a scroll of blinking {unknown}
Potions
 j - 2 potions of brilliance
 k - a potion of curing
 m - a potion of degeneration
Books
 e - a book of Geomancy

   Spells                             Type                      Level
   a - Sandblast                      Earth                        1
   b - Passwall                       Transmutation/Earth          2
   c - Stone Arrow                    Conjuration/Earth            3
   d - Petrify                        Transmutation/Earth          4
   e - Lee's Rapid Deconstruction     Earth                        5
Comestibles
 d - a bread ration
 o - a meat ration


   Skills:
 + Level 1.4 Fighting
 + Level 2.0 Dodging
 - Level 2.1 Stealth
 * Level 3.6 Spellcasting
 * Level 2.1 Conjurations
   Level 0.7 Transmutations
 * Level 5.3 Earth Magic


You had 8 spell levels left.
You knew the following spells:

 Your Spells              Type           Power        Failure   Level  Hunger
a - Sandblast             Erth           ###...       1%          1    None
b - Stone Arrow           Conj/Erth      ###...       11%         3    ###....


Dungeon Overview and Level Annotations

Branches:
Dungeon (2/15)

Altars:

Annotations:
D:2 Ijyb


Innate Abilities, Weirdness & Mutations

You are resistant to torment.
Your stone body is resilient. (AC +4)
You are immune to poison.
You resist negative energy. (rN+)
You are resistant to electric shocks. (rElec)
You can survive without breathing.
You are immune to petrification.
You are immune to rotting.


Message History

Casting: Sandblast
Confirm with . or Enter, or press ? or * to list all spells.
Aiming: Sandblast
Press: ? - help, Shift-Dir - straight line, f/p - Ijyb
Aim: Ijyb, wearing a scale mail and carrying a wand of disintegration (5)
The blast of sand hits Ijyb.
b - 26 stones Ijyb hits you but does no damage.
You closely miss Ijyb. Ijyb completely misses you. Ijyb misses you.
Casting: Sandblast
Confirm with . or Enter, or press ? or * to list all spells.
You don't have enough magic to cast that spell.
It was a potion of ambrosia.
You are confused.
You feel invigorated. Ijyb misses you.
You bump into the rock wall.
Ijyb misses you.
You bump into the rock wall.
Ijyb zaps a wand.
You are blasted!
* * * LOW HITPOINT WARNING * * *
You bump into the rock wall.
Ijyb zaps a wand.
You are blasted!
You die...

#......................# #.#...
#......................###.#...
###.##########.................
#.######## ###..###.####.##..
#........# ##.###.# #......
###......# #..##.###.)##..
#......# ##......#......
#.....g#######..#.#.#..####
#..g..gggg@.....#.#.#...# #
#......########...#.#...# #
#.####### #.......#.##..###
#.......# #.###...#........
#g....!.# #.).....#......##
#8.....8#########.#..#.####
#gggg...##.................
#8.....8##.#####...........
#.......##.# #...........


You could see Ijyb and 5 goblins.

Vanquished Creatures
  Sigmund (D:2)
  2 worms (D:2)
  A dart slug (D:1)
  4 leopard geckos
  10 goblins
  13 hobgoblins
  5 jackals
  3 bats
  2 frilled lizards
  8 kobolds
  2 rats (D:1)
51 creatures vanquished.

Notes
Turn   | Place    | Note
-------+----------+-------------------------------------------
     0 | D:1      | kae the Gargoyle Earth Elementalist began the quest for the Orb.
     0 | D:1      | Reached XP level 1. HP: 10/10 MP: 3/3
   219 | D:1      | Reached skill level 4 in Earth Magic
   219 | D:1      | Reached XP level 2. HP: 11/15 MP: 3/5
   688 | D:1      | Reached XP level 3. HP: 19/19 MP: 6/6
   824 | D:1      | Learned a level 3 spell: Stone Arrow
  1820 | D:2      | Noticed Sigmund
  1828 | D:2      | Killed Sigmund
  1828 | D:2      | Reached skill level 1 in Fighting
  1828 | D:2      | Reached skill level 5 in Earth Magic
  1828 | D:2      | Reached XP level 4. HP: 21/25 MP: 0/9
  1828 | D:2      | Reached XP level 5. HP: 24/29 MP: 0/10
  2004 | D:2      | Reached XP level 6. HP: 34/34 MP: 7/11
  2265 | D:2      | Noticed Ijyb
  2313 | D:2      | Blown up by Ijyb

Vault maps used:
D:1:      dpeg_arrival_rooms_a, minivault_27
D:2:      kennysheep_the_goblin_king, uniq_sigmund

Skill      XL: |  1  2  3 |
---------------+----------+-----
Earth Magic    | 4 5 |  5.3
Spellcasting   | 3 |  3.6
Fighting       | 1 |  1.4
Dodging        | 2 |  2.0
Conjurations   | 2 |  2.1
Stealth        | |  2.1
Transmutations | |  0.7

Action                   |  1- 3 |  4- 6 || total
-------------------------+-------+-------++-------
Melee: Unarmed           |    22 |       ||    22
       Club              |   123 |    80 ||   203
 Cast: Sandblast         |    22 |    17 ||    39
       Stone Arrow       |       |     2 ||     2
  Use: Scroll            |     5 |       ||     5
       Potion            |       |     3 ||     3
 Stab: Sleeping          |     3 |       ||     3
  Eat: Chunk             |     3 |     2 ||     5
Armor: Robe              |    62 |    33 ||    95
Dodge: Dodged            |   119 |    78 ||   197

Table legend:
 A = Spawn XP
 B = Non-spawn XP
 C = Spawn XP percentage of total XP
 D = Spawn monster count
 E = Non-spawn monster count
 F = Spawn count percentage of total count
 G = Total turns spent on level
                    A         B        C        D         E        F      G
               +---------+---------+-------+---------+---------+-------+---------
         Total |       0 |     330 |   0.0 |       0 |      51 |   0.0 |  2313
               +---------+---------+-------+---------+---------+-------+---------
           D:1 |       0 |      46 |   0.0 |       0 |      26 |   0.0 |  1239
           D:2 |       0 |     284 |   0.0 |       0 |      25 |   0.0 |  1074
               +---------+---------+-------+---------+---------+-------+---------
